[Event "Saturday 06 January Rapid Engine Tour 12+1 Rounds 9 Starts 1600 ST"]
[Site "Infinity Chess"]
[Date "2018.1.6"]
[Round "3"]
[White "KillBill2017"]
[Black "ocirema"]
[Result "1/2-1/2"]
[ECO "C77"]
[WhiteElo "2396"]
[BlackElo "2430"]
[WhiteEngine "Raubfisch ME262_GTZ16b1_CTG"]
[BlackEngine "Stockfish_18010423_720_x64_modern_BYO_RW_CTG"]
[EventType "Swiss"]
[WhiteTeam ""]
[BlackTeam ""]
[PlyCount "75"]
[TimeControl "720+1"]

1. e4 e5 2. Nf3 Nc6 3. Bb5 a6 4. Ba4 Nf6 5. O-O Be7 6. Re1 b5 7. Bb3 O-O 
8. c3 d5 9. exd5 Nxd5 10. Nxe5 Nxe5 11. Rxe5 c6 12. d4 Bd6 13. Re1 Qh4 
14. g3 Qh3 15. Be3 Bg4 16. Qd3 Rae8 17. Nd2 Re6 18. a4 Qh5 19. axb5 axb5 
20. Nf1 Bf5 21. Qd2 Bh3 22. Bd1 Qg6 23. Bf3 Qf5 24. Qd1 h5 25. Ra6 Bb8 
26. Bh1 h4 27. Bd2 Rf6 28. Qe2 Re6 29. Qf3 Rxe1 30. Bxe1 Bf4 31. Bg2 Bg4 
32. Qe4 Qc8 33. Ra1 Re8 34. Qc2 Bf5 35. Qd1 Bg4 36. Qc2 Bf5 37. Qd1 Bg4 38. Qc2 
1/2-1/2

[Event "Saturday 06 January Rapid Engine Tour 12+1 Rounds 9 Starts 1600 ST"]
[Site "Infinity Chess"]
[Date "2018.1.6"]
[Round "3"]
[White "hafaba"]
[Black "neófito"]
[Result "1/2-1/2"]
[ECO "A00"]
[WhiteElo "2400"]
[BlackElo "2414"]
[WhiteEngine "SF SL 03012018 POPCNT_CTG"]
[BlackEngine "Raubfisch X37b1_CTG"]
[EventType "Swiss"]
[WhiteTeam ""]
[BlackTeam ""]
[PlyCount "93"]
[TimeControl "720+1"]

1. g3 e5 2. c4 Nf6 3. Bg2 d5 4. cxd5 Nxd5 5. Nf3 Nc6 6. O-O Nb6 7. b3 Be7 
8. Bb2 f6 9. d4 e4 10. Nfd2 f5 11. e3 Nb4 12. Qe2 O-O 13. Nc4 Nd3 14. Ba3 Be6 
15. Bxe7 Qxe7 16. Nxb6 axb6 17. f3 exf3 18. Bxf3 Nb4 19. Bxb7 Ra5 20. a3 c6 
21. Nd2 Qxb7 22. axb4 Rxa1 23. Rxa1 b5 24. Nf3 Qe7 25. Qd2 Bxb3 26. Ne5 Bd5 
27. Qc3 Qd6 28. Ra7 Qh6 29. Qd2 Kh8 30. Ra1 Kg8 31. Qc3 g5 32. Qc2 Qd6 
33. Qd2 f4 34. exf4 gxf4 35. Rf1 f3 36. Qg5+ Kh8 37. Ng4 Bc4 38. Rd1 Re8 
39. Ne5 Bd5 40. Kf2 Rg8 41. Qe3 Qxb4 42. Nxc6 Bxc6 43. Qe5+ Rg7 44. Qb8+ Rg8 
45. Qe5+ Rg7 46. Qb8+ Rg8 47. Qe5+ 1/2-1/2

[Event "Saturday 06 January Rapid Engine Tour 12+1 Rounds 9 Starts 1600 ST"]
[Site "Infinity Chess"]
[Date "2018.1.6"]
[Round "3"]
[White "Satria_Ungu"]
[Black "angriff"]
[Result "1/2-1/2"]
[ECO "A05"]
[WhiteElo "2416"]
[BlackElo "2405"]
[WhiteEngine "Houdini 6_CTG"]
[BlackEngine "SF_64BIT_POPCNT_CTG"]
[EventType "Swiss"]
[WhiteTeam ""]
[BlackTeam ""]
[PlyCount "124"]
[TimeControl "720+1"]

1. Nf3 Nf6 2. d4 d5 3. Bf4 c5 4. e3 Nc6 5. Nbd2 Qb6 6. dxc5 Qxb2 7. Rb1 Qc3 
8. Bb5 e6 9. O-O Be7 10. Ne5 Bd7 11. Ndf3 O-O 12. e4 Be8 13. Bd2 Qa3 
14. exd5 exd5 15. Rb3 Qxa2 16. Bxc6 Bxc6 17. Nd4 Bxc5 18. Nf5 Rfe8 19. Ng4 Re6 
20. Nxf6+ Rxf6 21. Nxg7 d4 22. Nh5 Rg6 23. Nf4 Rg5 24. h4 Rg7 25. Bb4 Bb6 
26. Re1 Qa4 27. g3 h6 28. Kh2 d3 29. Nh5 Rg6 30. Qxd3 Qb5 31. Qxb5 Bxb5 
32. Bc3 Bc4 33. Rb4 Bxf2 34. Rxc4 Bxe1 35. Bxe1 a5 36. Rf4 Re6 37. Nf6+ Kf8 
38. Bf2 b5 39. Kg2 Rd8 40. Kf3 a4 41. Bc5+ Kg7 42. Ne4 Rd1 43. Nc3 Rf1+ 
44. Bf2 a3 45. Kg2 Rc1 46. Nxb5 Ra6 47. Bd4+ Kg6 48. Rg4+ Kh5 49. Rg7 f5 
50. Nc3 Rxc2+ 51. Kh3 Rd2 52. Be5 a2 53. Ne4 Rd1 54. Nf6+ Rxf6 55. Bxf6 a1=Q 
56. Bxa1 Rxa1 57. Kg2 Rd1 58. Rc7 f4 59. gxf4 Kxh4 60. Rc6 h5 61. Kf3 Rf1+ 
62. Ke4 Re1+ 1/2-1/2

[Event "Saturday 06 January Rapid Engine Tour 12+1 Rounds 9 Starts 1600 ST"]
[Site "Infinity Chess"]
[Date "2018.1.6"]
[Round "3"]
[White "NINJA_JENGKA"]
[Black "Prometheus"]
[Result "1/2-1/2"]
[ECO "E10"]
[WhiteElo "2418"]
[BlackElo "2439"]
[WhiteEngine "Houdini 6_CTG"]
[BlackEngine "Eman 1.58-64bit-IDeA"]
[EventType "Swiss"]
[WhiteTeam ""]
[BlackTeam ""]
[PlyCount "128"]
[TimeControl "720+1"]

1. d4 Nf6 2. c4 e6 3. Nf3 d5 4. Nc3 c6 5. Bg5 dxc4 6. e4 b5 7. e5 h6 8. Bh4 g5 
9. Nxg5 hxg5 10. Bxg5 Nbd7 11. exf6 Bb7 12. a4 Qb6 13. Be2 O-O-O 14. Qc2 Qxd4 
15. Rd1 Qe5 16. h4 Bb4 17. g3 a5 18. Bf4 Qxf6 19. Bg5 Qxg5 20. hxg5 Rxh1+ 
21. Bf1 Nc5 22. Rxd8+ Kxd8 23. g6 fxg6 24. Qxg6 Nxa4 25. Qg7 Nxb2 26. Qxb7 Bxc3+ 
27. Ke2 Nd3 28. Qxc6 Nc1+ 29. Kf3 Rxf1 30. Qd6+ Kc8 31. Qxe6+ Kb7 32. Qe7+ Ka6 
33. Qd6+ Ka7 34. Kg2 Re1 35. Qc7+ Ka8 36. Qc6+ Ka7 37. Qxb5 Bb4 38. Qxc4 Kb6 
39. g4 Ne2 40. g5 Bd6 41. Kf3 Bc5 42. Qe6+ Kb5 43. Qe8+ Kb4 44. Qb8+ Kc4 
45. Qg8+ Kb5 46. g6 Nd4+ 47. Kg2 Ne6 48. g7 Nxg7 49. Qxg7 Rd1 50. Qb7+ Kc4 
51. Qc6 Rd4 52. f3 Rd2+ 53. Kf1 Kb4 54. Ke1 Rd4 55. Qb7+ Kc3 56. f4 a4 
57. Qb1 a3 58. Qc1+ Kb4 59. f5 Bd6 60. f6 Rf4 61. f7 Rxf7 62. Qd2+ Kc5 
63. Qc3+ Kb5 64. Qd3+ Kc5 1/2-1/2

[Event "Saturday 06 January Rapid Engine Tour 12+1 Rounds 9 Starts 1600 ST"]
[Site "Infinity Chess"]
[Date "2018.1.6"]
[Round "3"]
[White "RonWeasley"]
[Black "KULLANI"]
[Result "1/2-1/2"]
[ECO "A00"]
[WhiteElo "2439"]
[BlackElo "2437"]
[WhiteEngine "BrainFish 261217_CTG"]
[BlackEngine "Raubfisch ME262_GTZ16b1._CTG"]
[EventType "Swiss"]
[WhiteTeam ""]
[BlackTeam ""]
[PlyCount "94"]
[TimeControl "720+1"]

1. a3 g6 2. e3 Bg7 3. d4 e6 4. Nf3 d5 5. c4 Ne7 6. b4 a5 7. Bb2 O-O 8. Nbd2 Bd7 
9. b5 a4 10. Rc1 c6 11. bxc6 Nbxc6 12. Bd3 dxc4 13. Bxc4 b5 14. Bd3 Nd5 
15. Ne4 Na5 16. Nc5 Nc4 17. Bxc4 bxc4 18. O-O Bb5 19. Re1 Qe7 20. e4 Nf4 
21. Bc3 Rfc8 22. Bb4 Qd8 23. Qd2 Nd3 24. Nxd3 cxd3 25. Qe3 Ba6 26. h3 h6 
27. Red1 Rxc1 28. Rxc1 Rc8 29. Rxc8 Qxc8 30. Ne5 Qc2 31. Qf4 Bxe5 32. dxe5 g5 
33. Qf6 d2 34. Qd8+ Kh7 35. Bxd2 Qb1+ 36. Kh2 Qxe4 37. Qf8 Qxe5+ 38. f4 Qg7 
39. Qa8 Bd3 40. Qxa4 g4 41. hxg4 Qxg4 42. Bc3 e5 43. Bxe5 Qh4+ 44. Kg1 Qe1+ 
45. Kh2 Qh4+ 46. Kg1 Qe1+ 47. Kh2 Qh4+ 1/2-1/2

[Event "Saturday 06 January Rapid Engine Tour 12+1 Rounds 9 Starts 1600 ST"]
[Site "Infinity Chess"]
[Date "2018.1.6"]
[Round "3"]
[White "KhalidOmar"]
[Black "Klaus"]
[Result "1/2-1/2"]
[ECO "E10"]
[WhiteElo "2443"]
[BlackElo "2446"]
[WhiteEngine "Eman 1.60 64-bit BMI2"]
[BlackEngine "asmFishW_2017-11-19_bmi2"]
[EventType "Swiss"]
[WhiteTeam ""]
[BlackTeam ""]
[PlyCount "95"]
[TimeControl "720+1"]

1. d4 Nf6 2. c4 e6 3. Nf3 d5 4. g3 Bb4+ 5. Bd2 Be7 6. Bg2 O-O 7. Qc2 c6 
8. O-O b6 9. Ne5 Bb7 10. Bf4 Nbd7 11. Rd1 Nh5 12. Bd2 Nhf6 13. cxd5 cxd5 
14. Nc6 Bxc6 15. Qxc6 Qb8 16. Rc1 Rc8 17. Qxc8+ Qxc8 18. Rxc8+ Rxc8 19. Nc3 Ne8 
20. f3 Nd6 21. Rc1 f5 22. Kf2 b5 23. a4 bxa4 24. Nxa4 Rxc1 25. Bxc1 Kf7 
26. h4 Nb8 27. Bd2 Nc4 28. Bf4 Nd7 29. e4 fxe4 30. fxe4 dxe4 31. Bxe4 Bf6 
32. Be3 Ndb6 33. Nxb6 axb6 34. b3 Nxe3 35. Kxe3 h5 36. d5 Be5 37. Kf3 exd5 
38. Bxd5+ Kf6 39. g4 hxg4+ 40. Kxg4 b5 41. Be4 b4 42. Bd5 g6 43. Be4 Bd4 
44. Bd3 Bc3 45. Be2 Bd4 46. Bc4 Be5 47. h5 gxh5+ 48. Kxh5 1/2-1/2

[Event "Saturday 06 January Rapid Engine Tour 12+1 Rounds 9 Starts 1600 ST"]
[Site "Infinity Chess"]
[Date "2018.1.6"]
[Round "3"]
[White "MarioDeMonti"]
[Black "Tiger"]
[Result "1/2-1/2"]
[ECO "C53"]
[WhiteElo "2445"]
[BlackElo "2444"]
[WhiteEngine "stockfish_x64_bmi2_2017_12_26_CTG"]
[BlackEngine "BrainFish_171111_x64_bmi2"]
[EventType "Swiss"]
[WhiteTeam ""]
[BlackTeam ""]
[PlyCount "82"]
[TimeControl "720+1"]

1. e4 e5 2. Nf3 Nc6 3. Bc4 Bc5 4. c3 Nf6 5. d3 O-O 6. O-O d6 7. h3 a5 8. Nbd2 h6 
9. Re1 Be6 10. Bb5 Qb8 11. Nf1 Qa7 12. Re2 a4 13. Ng3 Qa5 14. Bxc6 bxc6 
15. Nh4 Rfe8 16. Re1 d5 17. exd5 Nxd5 18. Nhf5 Qb6 19. Qf3 Nf4 20. d4 Bf8 
21. dxe5 Ng6 22. Nd4 Bd5 23. Qf5 Bc5 24. Nh5 a3 25. Bxh6 axb2 26. Rab1 Bxd4 
27. cxd4 gxh6 28. Qf6 Kf8 29. Qg7+ Ke7 30. e6 Bxe6 31. Rxe6+ Kxe6 32. Rxb2 Qa7 
33. d5+ Ke7 34. dxc6 Qa5 35. Qf6+ Kf8 36. Qg7+ Ke7 37. Rd2 Qxd2 38. Qf6+ Kf8 
39. Qg7+ Ke7 40. Qf6+ Kf8 41. Qg7+ Ke7 1/2-1/2

[Event "Saturday 06 January Rapid Engine Tour 12+1 Rounds 9 Starts 1600 ST"]
[Site "Infinity Chess"]
[Date "2018.1.6"]
[Round "3"]
[White "Marsell"]
[Black "SkyPilot"]
[Result "1/2-1/2"]
[ECO "C55"]
[WhiteElo "2453"]
[BlackElo "2473"]
[WhiteEngine "asmFishW_2017-12-07_popcnt"]
[BlackEngine "stockfish_x64_bmi2_2018_01_01_CTG"]
[EventType "Swiss"]
[WhiteTeam ""]
[BlackTeam ""]
[PlyCount "68"]
[TimeControl "720+1"]

1. e4 e5 2. Nf3 Nc6 3. Bc4 Nf6 4. d3 Bc5 5. c3 d6 6. O-O a5 7. Bg5 Ba7 
8. Nbd2 h6 9. Bh4 O-O 10. Re1 g5 11. Bg3 Nh7 12. h3 g4 13. hxg4 Bxg4 14. Bd5 Ng5 
15. Qc2 Qf6 16. Nh4 Ne7 17. d4 exd4 18. e5 dxe5 19. Bxe5 Nh3+ 20. gxh3 Qxh4 
21. hxg4 Nxd5 22. Qf5 Qg5 23. c4 Nb4 24. Rad1 Qxf5 25. gxf5 Nd3 26. Ne4 Nxe1 
27. Nf6+ Kh8 28. Rxe1 d3 29. Kg2 Rad8 30. Rh1 Kg7 31. Nh5+ Kg8 32. Nf6+ Kg7 
33. Ne8+ Kh7 34. Nf6+ Kg7 1/2-1/2

[Event "Saturday 06 January Rapid Engine Tour 12+1 Rounds 9 Starts 1600 ST"]
[Site "Infinity Chess"]
[Date "2018.1.6"]
[Round "3"]
[White "incredible"]
[Black "Eman"]
[Result "1/2-1/2"]
[ECO "B50"]
[WhiteElo "2485"]
[BlackElo "2457"]
[WhiteEngine "stockfish_18010422_x64_bmi2"]
[BlackEngine "Eman 1.60 64-bit POPCNT"]
[EventType "Swiss"]
[WhiteTeam ""]
[BlackTeam ""]
[PlyCount "164"]
[TimeControl "720+1"]

1. e4 c5 2. Nf3 d6 3. Nc3 Nf6 4. d4 cxd4 5. Nxd4 a6 6. Be2 e5 7. Nb3 Be7 
8. O-O Be6 9. f4 b5 10. Kh1 O-O 11. a3 Bd7 12. g4 Bc6 13. Bf3 a5 14. f5 a4 
15. Nd2 d5 16. exd5 Nxd5 17. Nxd5 Bxd5 18. Ne4 Ra6 19. Be3 h6 20. Nf6+ Rxf6 
21. Qxd5 Qxd5 22. Bxd5 Rc8 23. c3 Bc5 24. Bxc5 Rxc5 25. Rad1 Kf8 26. Ba2 Ke7 
27. h4 Rb6 28. g5 hxg5 29. hxg5 f6 30. gxf6+ Rxf6 31. Rg1 Rh6+ 32. Kg2 Nc6 
33. Kf1 e4 34. Rxg7+ Kf6 35. Rg6+ Rxg6 36. fxg6 Kxg6 37. Rd5 Rxd5 38. Bxd5 Na5 
39. Bxe4+ Kf6 40. Ke1 Ke5 41. Bg6 Kd5 42. Be8 Kc4 43. Bf7+ Kc5 44. Kd1 Nc4 
45. Kc2 Kd6 46. Bh5 Kc5 47. Be2 Ne5 48. Bd1 Kb6 49. Kc1 Kc5 50. Kc2 Nc4 
51. Bf3 Ne3+ 52. Kb1 Nc4 53. Kc1 Ne5 54. Be4 Kc4 55. Kc2 Kc5 56. Kb1 Nc4 
57. Bg2 Kd6 58. Kc1 Ne5 59. Bf1 Kc6 60. Kd2 Kc5 61. Kc2 Kb6 62. Bg2 Kc5 
63. Ba8 Nc4 64. Be4 Nd6 65. Bg6 Kb6 66. Bd3 Kc5 67. Bf1 Nb7 68. Kd2 Na5 
69. Bg2 Nc6 70. Ke3 Ne5 71. Kd2 Nc6 72. Kc2 Na5 73. b3 Nxb3 74. Bf1 Na5 
75. Kb2 Kb6 76. Kc2 Kc5 77. Kd1 Kc6 78. Kc1 Kc5 79. Be2 Nc6 80. Kd2 b4 
81. axb4+ Nxb4 82. cxb4+ Kxb4 1/2-1/2

[Event "Saturday 06 January Rapid Engine Tour 12+1 Rounds 9 Starts 1600 ST"]
[Site "Infinity Chess"]
[Date "2018.1.6"]
[Round "3"]
[White "Katzenmaier"]
[Black "Susanne"]
[Result "1/2-1/2 "]
[ECO "A06"]
[WhiteElo "2489"]
[BlackElo "2494"]
[WhiteEngine "S_XPrO.251117.x64.POPCNT_CTG"]
[BlackEngine "BrainFish_171226_x64_bmi2_CTG"]
[EventType "Swiss"]
[WhiteTeam ""]
[BlackTeam ""]
[PlyCount "143"]
[TimeControl "720+1"]

1. Nf3 d5 2. d4 Nf6 3. c4 e6 4. g3 Bb4+ 5. Nbd2 dxc4 6. Bg2 b5 7. O-O a5 
8. a3 Be7 9. b3 cxb3 10. Qxb3 c6 11. Ne5 Bb7 12. Bb2 a4 13. Qd3 O-O 14. Rfc1 Qb6 
15. Qf3 Nfd7 16. Nd3 Na6 17. Ne4 Qd8 18. Rd1 f5 19. Nc3 Qb6 20. Rab1 Nc7 
21. e3 Rf7 22. Rbc1 Bd6 23. Qe2 Re8 24. Qc2 Qa7 25. Nb1 Na6 26. Nc3 Bf8 
27. e4 Qa8 28. Bf1 Qc8 29. Re1 c5 30. Nxb5 fxe4 31. Ne5 Nxe5 32. dxe5 Qc6 
33. Re3 Rd8 34. Bc3 c4 35. Nd6 Bxd6 36. exd6 Rxd6 37. Be1 Rd3 38. Qxc4 Qxc4 
39. Rxc4 Rd1 40. Ba5 Ra1 41. Kg2 h6 42. Be2 Kh7 43. g4 Bd5 44. Rc8 Rb1 
45. Bxa6 Ra7 46. Rc7 Rxa6 47. Bc3 Rb7 48. Rxb7 Bxb7 49. Kg3 Rd6 50. h4 g5 
51. h5 Rd1 52. Bb4 Kg8 53. Kh2 Rd3 54. Kg3 Rd1 55. Kh2 Rd3 56. Bc3 Bd5 
57. Kg3 Kh7 58. Kh2 Ba2 59. Be5 Kg8 60. Bc3 Kh7 61. Be5 Rxe3 62. fxe3 Bc4 
63. Kg3 Bf1 64. Bc3 Be2 65. Ba1 Bf1 66. Bb2 Be2 67. Be5 Bd1 68. Ba1 Bc2 
69. Bb2 Bb3 70. Bd4 Bc4 71. Kf2 Ba6 72. Ba1 1/2-1/2

[Event "Saturday 06 January Rapid Engine Tour 12+1 Rounds 9 Starts 1600 ST"]
[Site "Infinity Chess"]
[Date "2018.1.6"]
[Round "3"]
[White "Harry_Potter"]
[Black "Deep_Impact"]
[Result "1/2-1/2"]
[ECO "C77"]
[WhiteElo "2503"]
[BlackElo "2490"]
[WhiteEngine "stockfish_18010422_x64_bmi2_CTG"]
[BlackEngine "BrainFish_171226_x64_modern"]
[EventType "Swiss"]
[WhiteTeam ""]
[BlackTeam ""]
[PlyCount "118"]
[TimeControl "720+1"]

1. e4 e5 2. Nf3 Nc6 3. Bb5 a6 4. Ba4 Nf6 5. d3 Bc5 6. O-O d6 7. c3 O-O 8. h3 h6 
9. Re1 b5 10. Bb3 Re8 11. Nbd2 Be6 12. Bxe6 Rxe6 13. b4 Bb6 14. a4 d5 
15. exd5 Qxd5 16. a5 Ba7 17. Ne4 Nxe4 18. dxe4 Qxd1 19. Rxd1 Rd6 20. Bd2 Rad8 
21. Ra2 g5 22. Re1 f6 23. Rc1 f5 24. exf5 e4 25. Nd4 Bxd4 26. cxd4 Nxd4 
27. Be3 Nxf5 28. Kh2 Ne7 29. Bc5 Re6 30. Bxe7 Rxe7 31. Rac2 Kf7 32. Rxc7 Rxc7 
33. Rxc7+ Ke6 34. g3 Rf8 35. Kg2 Rf6 36. Rc5 Kd7 37. h4 gxh4 38. gxh4 Kd6 
39. Kg3 Rf8 40. h5 Rf3+ 41. Kg2 Rf4 42. Rc1 e3 43. fxe3 Rxb4 44. Rc8 Ke5 
45. Ra8 Ke4 46. Rxa6 Rb2+ 47. Kf1 Ra2 48. Rxh6 Rxa5 49. Re6+ Kd5 50. Rb6 Kc4 
51. e4 b4 52. Rb7 b3 53. h6 Rh5 54. h7 b2 55. Rxb2 Rxh7 56. Ra2 Kd3 57. e5 Rh1+ 
58. Kg2 Re1 59. e6 Rxe6 1/2-1/2

[Event "Saturday 06 January Rapid Engine Tour 12+1 Rounds 9 Starts 1600 ST"]
[Site "Infinity Chess"]
[Date "2018.1.6"]
[Round "3"]
[White "THE_MACHINE"]
[Black "OlivierEvan"]
[Result "1-0"]
[ECO "B12"]
[WhiteElo "2505"]
[BlackElo "2418"]
[WhiteEngine "BrainFish_171226_x64_bmi2"]
[BlackEngine "Houdini 6"]
[EventType "Swiss"]
[WhiteTeam ""]
[BlackTeam ""]
[PlyCount "185"]
[TimeControl "720+1"]

1. e4 c6 2. d4 d5 3. e5 Bf5 4. Nf3 e6 5. Be2 Nd7 6. O-O h6 7. a4 Ne7 8. a5 g5 
9. a6 b6 10. Ne1 Bg7 11. f4 Qc7 12. c3 O-O-O 13. Na3 f6 14. Bd3 Kb8 
15. Bxf5 Nxf5 16. Nd3 Ka8 17. Nc2 c5 18. Ne3 Ne7 19. Qg4 f5 20. Qh5 Nf8 
21. Bd2 Nfg6 22. b3 Rc8 23. Nc2 Bf8 24. Kh1 Rg8 25. Qe2 Nc6 26. fxg5 hxg5 
27. Bxg5 Na5 28. b4 cxb4 29. cxb4 Nc4 30. Nce1 Kb8 31. Rf3 Ne7 32. Bxe7 Bxe7 
33. Nf4 Bxb4 34. Nxe6 Qc6 35. Nd3 Bc3 36. Rd1 Nd2 37. Nef4 Ne4 38. Nf2 Rgd8 
39. h3 Qe8 40. Qa2 Rc4 41. Ne2 Bb4 42. Nxe4 fxe4 43. Rf5 Qc6 44. Nf4 Rc2 
45. Qb3 Qc4 46. Qxc4 dxc4 47. Rb1 Rf8 48. g4 Rf2 49. Nd5 Bd2 50. Rxf2 Rxf2 
51. e6 Rf8 52. e7 Re8 53. Rf1 Kc8 54. Nxb6+ Kc7 55. Nxc4 Bg5 56. d5 Bxe7 
57. Rb1 Rf8 58. Rb7+ Kd8 59. d6 Bxd6 60. Nxd6 Rf6 61. Nxe4 Re6 62. g5 Rc6 
63. g6 Rxg6 64. Rxa7 Kc8 65. Rd7 Rxa6 66. Re7 Rh6 67. Kh2 Kd8 68. Re5 Kc7 
69. Kg3 Rg6+ 70. Kf4 Rh6 71. Kg3 Rg6+ 72. Rg5 Ra6 73. h4 Ra1 74. Re5 Rg1+ 
75. Kf4 Rf1+ 76. Kg5 Rg1+ 77. Kf6 Rf1+ 78. Kg6 Rf8 79. h5 Rg8+ 80. Kf7 Rg1 
81. h6 Rh1 82. Kg6 Rg1+ 83. Ng5 Kb7 84. h7 Rh1 85. Ne6 Rg1+ 86. Kh6 Rh1+ 
87. Rh5 Ra1 88. h8=Q Ra6 89. Qe8 Rd6 90. Qe7+ Ka6 91. Qxd6+ Ka7 92. Qc7+ Ka6 
93. Ra5# 1-0

[Event "Saturday 06 January Rapid Engine Tour 12+1 Rounds 9 Starts 1600 ST"]
[Site "Infinity Chess"]
[Date "2018.1.6"]
[Round "3"]
[White "xeonrocks"]
[Black "Gilgamesch"]
[Result "1/2-1/2"]
[ECO "C50"]
[WhiteElo "2485"]
[BlackElo "2529"]
[WhiteEngine "asmFishW_CTG"]
[BlackEngine "BrainFish_171005_x64_bmi2"]
[EventType "Swiss"]
[WhiteTeam ""]
[BlackTeam ""]
[PlyCount "83"]
[TimeControl "720+1"]

1. e4 e5 2. Nf3 Nc6 3. Bc4 Bc5 4. O-O Nf6 5. d3 d6 6. c3 O-O 7. Nbd2 a5 
8. Re1 Ba7 9. h3 Be6 10. Bb5 Ne7 11. d4 Ng6 12. Ba4 Nh5 13. Nf1 exd4 
14. Nxd4 Nhf4 15. Ng3 Bxd4 16. cxd4 d5 17. Qf3 Qh4 18. Bc2 c6 19. Bxf4 Qxf4 
20. Qxf4 Nxf4 21. e5 f6 22. Ne2 fxe5 23. Nxf4 Rxf4 24. Rxe5 Bf7 25. Rd1 Re8 
26. Rxe8+ Bxe8 27. g3 Rf6 28. Re1 Kf7 29. a3 g6 30. f4 Re6 31. Rxe6 Kxe6 
32. Kf2 b6 33. b4 axb4 34. axb4 Kd6 35. g4 c5 36. bxc5+ bxc5 37. dxc5+ Kxc5 
38. h4 Kd4 39. f5 gxf5 40. Bxf5 h6 41. g5 hxg5 42. hxg5 1/2-1/2

[Event "Saturday 06 January Rapid Engine Tour 12+1 Rounds 9 Starts 1600 ST"]
[Site "Infinity Chess"]
[Date "2018.1.6"]
[Round "2"]
[White "ocirema"]
[Black "hafaba"]
[Result "1/2-1/2"]
[ECO "B00"]
[WhiteElo "2431"]
[BlackElo "2399"]
[WhiteEngine "Stockfish_18010423_720_x64_modern_BYO_RW_CTG"]
[BlackEngine "SF SL 03012018 POPCNT_CTG"]
[EventType "Swiss"]
[WhiteTeam ""]
[BlackTeam ""]
[PlyCount "104"]
[TimeControl "720+1"]

1. e4 Nc6 2. d4 d5 3. e5 Bf5 4. Bb5 e6 5. Nf3 Nge7 6. Ba4 a6 7. O-O b5 
8. Bb3 Na5 9. c3 Nxb3 10. axb3 a5 11. Nh4 c6 12. Nd2 Bd3 13. Re1 Nf5 
14. Ndf3 Be4 15. Nxf5 Bxf5 16. Bg5 Qb8 17. Nh4 h6 18. Nxf5 hxg5 19. Ng3 Be7 
20. h3 Qc7 21. Qf3 Ra7 22. Rec1 Qb6 23. Rd1 c5 24. Ne2 c4 25. bxc4 bxc4 
26. Ra2 O-O 27. Rda1 f6 28. exf6 Bxf6 29. Qe3 Bd8 30. Ng3 Raf7 31. Rxa5 Rxf2 
32. Ra6 Qxb2 33. Qxe6+ Kh8 34. Qxd5 Bc7 35. R6a2 Qxa2 36. Rxa2 Rxa2 
37. Qxg5 Ra1+ 38. Kh2 Re1 39. Qc5 Rf7 40. d5 Be5 41. d6 Rff1 42. Qxe5 Rxe5 
43. Nxf1 Rd5 44. Ne3 Rxd6 45. Nxc4 Rd3 46. g4 Rxc3 47. Ne5 Rc5 48. Ng6+ Kh7 
49. Nf4 g5 50. Ng2 Rc2 51. h4 gxh4 52. Kh3 Kh6 1/2-1/2

[Event "Saturday 06 January Rapid Engine Tour 12+1 Rounds 9 Starts 1600 ST"]
[Site "Infinity Chess"]
[Date "2018.1.6"]
[Round "2"]
[White "angriff"]
[Black "KillBill2017"]
[Result "1/2-1/2"]
[ECO "B90"]
[WhiteElo "2405"]
[BlackElo "2396"]
[WhiteEngine "SF_64BIT_POPCNT_CTG"]
[BlackEngine "Raubfisch ME262_GTZ16b1_CTG"]
[EventType "Swiss"]
[WhiteTeam ""]
[BlackTeam ""]
[PlyCount "76"]
[TimeControl "720+1"]

1. e4 c5 2. Nf3 d6 3. d4 cxd4 4. Nxd4 Nf6 5. Nc3 a6 6. Be3 e5 7. Nb3 Be6 
8. Be2 Be7 9. Qd3 Nc6 10. a3 O-O 11. O-O d5 12. exd5 Nxd5 13. Nxd5 Qxd5 
14. Qxd5 Bxd5 15. Rfd1 Be4 16. Rd2 Rad8 17. Rad1 Rxd2 18. Rxd2 Rd8 
19. Rxd8+ Nxd8 20. c3 b5 21. c4 Bc6 22. Nc5 Bxc5 23. Bxc5 Ne6 24. Be3 Kf8 
25. Kf1 Ke7 26. Ke1 f5 27. g3 g5 28. Kd2 Kd6 29. Bd3 e4 30. Bf1 f4 31. Ba7 f3 
32. Bb8+ Ke7 33. g4 Nc5 34. Be5 Nb3+ 35. Kc3 Nc5 36. Kd2 Nb3+ 37. Ke3 Na1 
38. Kd2 Nb3+ 1/2-1/2

[Event "Saturday 06 January Rapid Engine Tour 12+1 Rounds 9 Starts 1600 ST"]
[Site "Infinity Chess"]
[Date "2018.1.6"]
[Round "2"]
[White "neófito"]
[Black "Satria_Ungu"]
[Result "1/2-1/2"]
[ECO "A40"]
[WhiteElo "2414"]
[BlackElo "2416"]
[WhiteEngine "Raubfisch X37b1_CTG"]
[BlackEngine "Houdini 6_CTG"]
[EventType "Swiss"]
[WhiteTeam ""]
[BlackTeam ""]
[PlyCount "97"]
[TimeControl "720+1"]

1. d4 c6 2. e4 d5 3. e5 c5 4. Nf3 cxd4 5. Nxd4 Nc6 6. c4 e6 7. Nc3 Bc5 
8. Nxc6 bxc6 9. cxd5 exd5 10. Bd3 Ne7 11. O-O Bf5 12. Na4 Bd4 13. Bf4 O-O 
14. Rc1 Ng6 15. Bxf5 Nxf4 16. g3 Qg5 17. Bg4 Bxe5 18. Rxc6 h5 19. Bd7 h4 
20. Re1 hxg3 21. hxg3 Bf6 22. Nc5 Bxb2 23. Bg4 Ng6 24. f4 Nxf4 25. gxf4 Qxf4 
26. Nd3 Qg3+ 27. Kh1 f5 28. Rc2 fxg4 29. Nxb2 Rad8 30. Rg2 Qh3+ 31. Rh2 Qg3 
32. Rg2 Qh3+ 33. Rh2 Qg3 34. Rg1 Qf3+ 35. Qxf3 gxf3 36. Nd3 Rde8 37. Rd1 Rf6 
38. Rh5 Re2 39. a3 a5 40. Ra1 Kf7 41. Rf1 Ra2 42. Ne5+ Ke6 43. Nxf3 Rxa3 
44. Nd4+ Kf7 45. Rxf6+ Kxf6 46. Rxd5 Rd3 47. Rd6+ Ke5 48. Ra6 Rxd4 49. Rxa5+ 
1/2-1/2

[Event "Saturday 06 January Rapid Engine Tour 12+1 Rounds 9 Starts 1600 ST"]
[Site "Infinity Chess"]
[Date "2018.1.6"]
[Round "2"]
[White "NINJA_JENGKA"]
[Black "KULLANI"]
[Result "1/2-1/2"]
[ECO "D02"]
[WhiteElo "2417"]
[BlackElo "2438"]
[WhiteEngine "Houdini 6_CTG"]
[BlackEngine "Raubfisch ME262_GTZ16b1._CTG"]
[EventType "Swiss"]
[WhiteTeam ""]
[BlackTeam ""]
[PlyCount "108"]
[TimeControl "720+1"]

1. d4 d5 2. Nf3 Nf6 3. c4 e6 4. Nc3 c6 5. Bg5 h6 6. Bxf6 Qxf6 7. e3 Nd7 
8. Be2 g6 9. O-O Bg7 10. e4 dxe4 11. Nxe4 Qf4 12. Qc2 f5 13. Nc3 Bxd4 14. g3 Qd6 
15. Rad1 e5 16. Rfe1 O-O 17. Qd2 Qf6 18. Nxd4 exd4 19. Qxd4 Qxd4 20. Rxd4 Re8 
21. Rdd1 Kf7 22. Na4 b6 23. Nc3 Nf6 24. c5 Be6 25. Rd6 Rac8 26. Bf3 bxc5 
27. Bxc6 Re7 28. Rc1 Rb8 29. Rd2 Rb4 30. a3 Rb6 31. Bf3 Bb3 32. Rd8 Re5 
33. Kg2 Re8 34. Rd2 Re7 35. Bd1 c4 36. Bxb3 Rxb3 37. h3 Rd7 38. Re2 Rd4 
39. Rce1 Rb7 40. Rc2 Nd7 41. Ne2 Rd6 42. Rxc4 Rxb2 43. Nd4 Ra2 44. h4 Nf6 
45. Rc7+ Rd7 46. Rxd7+ Nxd7 47. h5 Rxa3 48. Nc6 Nf8 49. Re7+ Kf6 50. hxg6 Nxg6 
51. Rxa7 Rxa7 52. Nxa7 f4 53. gxf4 Nxf4+ 54. Kf3 Ne6 1/2-1/2

[Event "Saturday 06 January Rapid Engine Tour 12+1 Rounds 9 Starts 1600 ST"]
[Site "Infinity Chess"]
[Date "2018.1.6"]
[Round "2"]
[White "Prometheus"]
[Black "RonWeasley"]
[Result "1/2-1/2"]
[ECO "A15"]
[WhiteElo "2439"]
[BlackElo "2439"]
[WhiteEngine "Eman 1.58-64bit-IDeA"]
[BlackEngine "BrainFish 261217_CTG"]
[EventType "Swiss"]
[WhiteTeam ""]
[BlackTeam ""]
[PlyCount "137"]
[TimeControl "720+1"]

1. c4 Nf6 2. d4 e6 3. Nf3 d5 4. g3 dxc4 5. Bg2 Bb4+ 6. Bd2 a5 7. Qc2 b6 
8. O-O Bb7 9. Bxb4 axb4 10. Qxc4 Nc6 11. Rc1 O-O 12. Nbd2 Nd5 13. e3 h6 
14. Ne1 Ra7 15. Nd3 Qd6 16. Qc2 Rfa8 17. Nc4 Qd7 18. a4 bxa3 19. Nxa3 Qe7 
20. Qb3 Qd8 21. Rab1 Qe8 22. Qd1 Ba6 23. Nc4 Bb7 24. Na3 Rc8 25. Nb5 Ra5 
26. Qb3 Qd8 27. Na3 Ra7 28. Nc4 Rca8 29. h4 Na5 30. Nxa5 Rxa5 31. Ne5 Qe7 
32. Nc6 Bxc6 33. Rxc6 Ra1 34. Rxa1 Rxa1+ 35. Kh2 Nf6 36. Bf3 e5 37. dxe5 Qxe5 
38. Qc2 Ra7 39. Kg2 g6 40. b4 Kf8 41. Qd3 Kg7 42. g4 Ra2 43. Qc3 Qxc3 
44. Rxc3 Rb2 45. Rxc7 Rxb4 46. g5 hxg5 47. hxg5 Ne4 48. Bxe4 Rxe4 49. Kf3 Re5 
50. e4 Rxg5 51. Rc6 Rb5 52. Rc7 Rb2 53. e5 Kf8 54. Kg3 b5 55. f4 b4 56. Kh4 b3 
57. Kg5 Rf2 58. Rb7 b2 59. e6 fxe6 60. Kxg6 e5 61. f5 e4 62. f6 Rg2+ 63. Kf5 e3 
64. Ke6 Kg8 65. f7+ Kg7 66. Ke7 Rf2 67. f8=Q+ Rxf8 68. Rxb2 e2 69. Rxe2 1/2-1/2